 Dungeon Crawl Stone Soup version 0.20-a0-893-g832831a (webtiles) character file.

71899 kroki the Brawler (level 15, -11/141 HPs)
             Began as a Ghoul Gladiator on Mar 16, 2017.
             Was a High Priest of Makhleb.
             Killed from afar by a necromancer (27 damage)
             ... with a bolt of fire
             ... on level 14 of the Dungeon.
             The game lasted 00:27:00 (27873 turns).

kroki the Brawler (Ghoul Gladiator)                Turns: 27873, Time: 00:27:01

Health: -11/141    AC: 24    Str: 29    XL:     15   Next: 38%
Magic:  0/26       EV:  9    Int:  3    God:    Makhleb [*****.]
Gold:   1073       SH:  5    Dex: 10    Spells: 14/14 levels left

rFire    . . .     SeeInvis +     - Unarmed
rCold    + . .     Gourm    .   J - +0 plate armour
rNeg     + + +     Faith    .   y - +1 buckler {rPois}
rPois    ∞         Spirit   +   P - +2 helmet {SInv}
rElec    .         Reflect  .   e - +0 cloak
rCorr    .         Harm     .   w - +2 pair of gloves
MR       +....                  (no boots)
Stlth    ..........             z - amulet of guardian spirit {Spirit}
Regen    0.0/turn               N - ring of magical power {MP+9}
MPRegen  0.2/turn               Q - +4 ring of strength

@: rotting
A: rotting body, claws 1, carnivore 3, cold resistance 1, negative energy
resistance 3, inhibited regeneration, torment resistance, unbreathing
a: Minor Destruction, Lesser Servant of Makhleb, Major Destruction, Greater
Servant of Makhleb, Renounce Religion


You were on level 14 of the Dungeon.
You worshipped Makhleb.
Makhleb was extremely pleased with you.
You were not hungry.

You visited 3 branches of the dungeon, and saw 21 of its levels.
You also visited: Bailey.

You collected 1287 gold pieces.
You spent 214 gold pieces at shops.

Inventory:

Missiles
 c - 7 throwing nets {=f, !d}
Armour
 e - a +0 cloak (worn)
   (You found it on level 1 of the Dungeon)
 w - a +2 pair of gloves (worn)
   (You found it on level 10 of the Dungeon)
 y - a +1 buckler of poison resistance (worn)
   (You acquired it on level 12 of the Dungeon)
 A - the cursed +0 robe "Ercher" {*Drain Str+2 Dex+4, unknown}
   (You found it on level 13 of the Dungeon)

   It affects your strength (+2).
   It affects your dexterity (+4).
   It causes draining when unequipped.
   It has a curse placed upon it.
 C - a +1 shield of poison resistance
   (You took it off a gnoll sergeant on level 11 of the Dungeon)
 J - a +0 plate armour (worn)
   (You took it off an orc warrior on level 8 of the Dungeon)
 O - the +5 robe of Night {Dark MR+ SInv}
   (You took it off an orc priest on level 12 of the Dungeon)

   It affects your resistance to hostile enchantments.
   It lets you see invisible.
 P - a +2 helmet of see invisible (worn)
   (You bought it in a shop on level 9 of the Dungeon)
Jewellery
 a - an uncursed ring of resist corrosion
   (You found it on level 12 of the Dungeon)
 g - an uncursed ring of flight {+Fly, !d}
   (You found it on level 1 of the Dungeon)
 u - an uncursed ring of protection from fire {rF+, !d}
   (You took it off an orc wizard on level 10 of the Dungeon)
 z - an amulet of guardian spirit (around neck) {Spirit}
   (You found it on level 8 of the Dungeon)
 N - a ring of magical power (right hand) {MP+9}
   (You found it on level 12 of the Dungeon)
 Q - a +4 ring of strength (left hand)
   (You took it off an orc warrior on level 11 of the Dungeon)
Wands
 G - a wand of paralysis (12/24)
   (You found it on level 1 of the Lair of Beasts)
 T - a wand of paralysis (18/24)
   (You found it on level 4 of the Lair of Beasts)
 Z - a wand of paralysis (10/24)
   (You found it on level 11 of the Dungeon)
Scrolls
 h - 6 scrolls of remove curse
 j - 8 scrolls of teleportation
 l - 3 scrolls of recharging
 m - a scroll of magic mapping {!r}
 r - 2 scrolls of enchant weapon
 s - 3 scrolls of identify
 v - 3 scrolls of enchant armour
 E - 2 scrolls of fear
 L - 2 scrolls of brand weapon
 S - 4 scrolls of fog
 U - 2 scrolls of immolation {!r}
 X - 2 scrolls of silence
Potions
 i - 3 potions of cancellation
 k - 6 potions of curing
 n - 4 potions of agility
 p - 2 potions of resistance
 q - 6 potions of brilliance
 t - 4 potions of heal wounds
 x - a potion of magic
 B - a potion of might {unknown}
 D - a potion of ambrosia
 F - 4 potions of haste
 H - 5 potions of flight
 I - a potion of berserk rage {unknown}
Books
 R - a book of Callings
   (You found it on level 11 of the Dungeon)
 W - a book of Power
   (You found it on level 11 of the Dungeon)
Miscellaneous
 o - a crystal ball of energy
   (You found it on level 1 of the Lair of Beasts)
 Y - a phial of floods
   (You found it on level 6 of the Lair of Beasts)
Comestibles
 d - 10 meat rations {@e2}
 f - 6 royal jellies


   Skills:
 + Level 15.2 Fighting
 - Level 1.7 Throwing
 + Level 13.0 Armour
 - Level 2.6 Dodging
 * Level 3.8 Shields
 + Level 16.9 Unarmed Combat
 - Level 4.1 Invocations
 - Level 3.7 Evocations


You had 14 spell levels left.
You didn't know any spells.

Dungeon Overview and Level Annotations

Branches:
Dungeon (14/15)            Temple (1/1) D:6            Lair (6/6) D:10
 Shoals (0/4) Lair:4       Spider (0/4) Lair:4        Slime (0/5) Lair:5
    Orc (0/2) D:11
 Vaults: D:13-14

Altars:
Ashenzari
Cheibriados
Dithmenos
Fedhas
Gozag
Hepliaklqana
Kikubaaqudgha
Makhleb
Nemelex Xobeh
Qazlal
Ru
Sif Muna
Trog
Uskayaw
Vehumet
Xom
Yredelemnul
Zin
The Shining One
Jiyva

Shops:
D:9 [   D:12 *

Annotations:
D:2 Sigmund
Lair:2 exclusion: 4 oklob plants


Innate Abilities, Weirdness & Mutations

Your body is rotting away.
You thrive on raw meat.
You are immune to poison.
You have sharp fingernails.
You are carnivorous and can eat meat at any time.
Your flesh is cold resistant. (rC+)
You are immune to negative energy. (rN+++)
You do not regenerate when monsters are visible.
You are immune to unholy pain and torment.
You can survive without breathing.


Message History

You punch the two-headed ogre!
A demon appears!
The troll bites you!
The troll claws you but does no damage. x2
The two-headed ogre hits you with a giant club!
The two-headed ogre hits you but does no damage.
Unknown command.
You barely miss the two-headed ogre.
The necromancer gestures at you while chanting.
The bolt of fire hits you! The troll bites you but does no damage.
The troll claws you. You block the troll's attack.
Your plate armour prevents you from hitting the two-headed ogre.
The two-headed ogre closely misses you.
The two-headed ogre hits you but does no damage.
Your ynoxinul gestures.
The troll bites you! You block the troll's attack. x2
You closely miss the necromancer.
Your ufetubus hits the troll but does no damage.
Your ufetubus hits the troll.
The necromancer hits you but does no damage.
The two-headed ogre hits you with a giant club!
The two-headed ogre hits you but does no damage.
You pummel the necromancer!! The troll bites you but does no damage.
The troll claws you! The troll closely misses you.
Your ufetubus barely misses the troll.
Your ufetubus hits the troll. You punch the two-headed ogre!
Your ynoxinul barely misses the necromancer.
The necromancer gestures wildly while chanting.
The necromancer binds the souls of nearby monsters.
The troll bites you. The troll barely misses you. x2
Your ufetubus barely misses the troll.
Your ufetubus hits the troll but does no damage.
The two-headed ogre closely misses you.
The two-headed ogre hits you with a giant club!
* * * LOW HITPOINT WARNING * * *
You pummel the two-headed ogre!!
You kill the two-headed ogre!
Makhleb accepts your kill.
You feel better.
A freezing mist starts to gather...
A two-headed ogre simulacrum comes into view.
The necromancer hits you but does no damage.
The troll bites you!
* * * LOW HITPOINT WARNING * * *
The troll claws you!
* * * LOW HITPOINT WARNING * * *
The troll barely misses you.
You hit the necromancer. Your ufetubus hits the troll.
Your ufetubus closely misses the troll.
Your ynoxinul hits the two-headed ogre simulacrum.
The necromancer gestures wildly while chanting.
The necromancer flickers and vanishes for a moment.
You barely miss the necromancer. The troll bites you!
* * * LOW HITPOINT WARNING * * *
The troll claws you but does no damage. x2
The two-headed ogre simulacrum barely misses you. x2
You swap places.
You hear the ticking of a distant clock.
Your ynoxinul closely misses the necromancer.
The necromancer hits your ynoxinul with a dagger.
The troll closely misses your ufetubus. The troll barely misses your ufetubus.
The troll misses your ufetubus.
The two-headed ogre simulacrum hits your ynoxinul.
The two-headed ogre simulacrum freezes your ynoxinul!
Your ynoxinul resists.
The two-headed ogre simulacrum hits your ynoxinul.
The two-headed ogre simulacrum freezes your ynoxinul!
Your ynoxinul resists.
Your ynoxinul hits the two-headed ogre simulacrum!
The necromancer casts a spell at you. The bolt of fire hits your ynoxinul.
Your ynoxinul dies!
Your ufetubus disappears in a puff of smoke! x3
The bolt of fire hits you!
* * * LOW HITPOINT WARNING * * *
A demon appears!
The two-headed ogre simulacrum hits your ynoxinul.
The two-headed ogre simulacrum freezes your ynoxinul.
Your ynoxinul resists.
The two-headed ogre simulacrum hits your ynoxinul!
The two-headed ogre simulacrum freezes your ynoxinul.
Your ynoxinul resists.
Unknown command.
Okay, then.
You feel much better. The troll closely misses you.
You block the troll's attack. The troll closely misses you.
The necromancer closely misses your ynoxinul.
The two-headed ogre simulacrum hits your ynoxinul!
The two-headed ogre simulacrum freezes your ynoxinul!
Your ynoxinul resists.
Your ynoxinul dies!
You feel much better. You block the troll's attack.
The troll closely misses you. x2
A demon appears!
The troll bites you!
* * * LOW HITPOINT WARNING * * *
The troll claws you but does no damage. The troll claws you!
* * * LOW HITPOINT WARNING * * *
Unknown command.
Your ynoxinul barely misses the necromancer.
Your ynoxinul barely misses the troll.
The necromancer gestures at you while chanting.
The bolt of fire hits you!
You die...

,,,*,,,,,,,,,,,,,,,,,+,#...#,,,,,
,,,*,,,,,,,,,.....######.8.######
*,,+,,,,,,,,,....##...##...##...#
****,,,,,,,,,,...#>.8..##.##..8.>
*,,***+*,,,,*+*#.##...'##.##....#
,,,,*,,*,,,,*,,#..#####.....#####
,,,,*,,*,,,,*,,#.....'...8.#....#
,,,,*,,*,,,,*,,#.....#.....#....#
*,,,*,,*,,..####@....####..##...#
*,,,*,,*,.)......T......#.###'###
*+******,........p......#.###..#*
,,,,,,,,,.........3Z....#.##...#,
,,,,,,,,,...............#......#,
,,,,,,,,,...............####...#,
,,,,,,,,,...###+#.......# #####*
,,,,*+**,...*,,,+.......#####,,,,
,,,,*,,*,,,,*,,,#...........#,,,∩


You could see a necromancer (invisible), a troll, a two-headed ogre simulacrum
and a friendly ynoxinul.

Vanquished Creatures
  Gastronok (D:9)
  The ghost of dvd the Basher, a journeyman TrHu of Okawaru (Lair:6)
  Josephine (Lair:6)
  3 hydras
  A centaur warrior (D:13)
  8 two-headed ogres
  Erica (D:9)
  2 unseen horrors
  5 skeletal warriors (D:12)
  An orb spider (Lair:4)
  Pikel (D:5)
  5 ugly things
  6 manticores
  2 cyclopes
  4 elephants (Lair:6)
  11 black mambas
  2 centaur skeletons
  22 spiny frogs
  An efreet (D:13)
  A kobold demonologist (D:13)
  A tengu conjurer (D:13)
  7 komodo dragons
  3 tyrant leeches (Lair:6)
  9 polar bears
  7 trolls
  A merfolk (D:11)
  19 blink frogs
  Prince Ribbit (D:9)
  5 dream sheep (Lair:4)
  2 shadows
  11 hippogriffs
  A meliai zombie (D:11)
  36 yaks
  4 water elementals (D:11)
  A spriggan (Lair:5)
  5 wraiths
  4 wyverns
  A hog (D:11)
  Eustachio (D:4)
  5 basilisks
  5 vampire mosquitoes (Lair:6)
  2 hungry ghosts
  2 acid dragons
  17 water moccasins
  13 porcupines
  Duvessa (D:4)
  4 ice beasts
  3 sky beasts
  8 orc warriors
  15 black bears
  An eye of draining (D:11)
  A necrophage (D:8)
  A phantom (D:3)
  2 slaves (D:5)
  4 ogres
  9 centaurs
  The ghost of Shenda the Poker, an amateur DsGl (D:4)
  17 wolves
  13 crocodiles
  2 big kobolds
  25 bullfrogs
  Dowan (D:4)
  A water moccasin zombie (D:6)
  2 scorpions
  7 wights
  11 killer bees
  7 electric eels
  11 howler monkeys
  4 crimson imps
  A quasit (D:9)
  3 bullfrog zombies
  A bullfrog skeleton (D:12)
  A centaur zombie (D:11)
  2 gnoll shamans (D:11)
  4 orc priests
  7 hounds
  2 jellies
  Crazy Yiuf (D:2)
  Terence (D:2)
  An iguana (D:8)
  Natasha (thrice) (D:4 D:6)
  14 orc wizards
  11 worker ants
  2 hound skeletons
  A worker ant zombie (D:6)
  12 adders
  8 gnolls
  4 shadow imps
  An ooze (D:2)
  2 adder zombies (D:5)
  An adder skeleton (D:6)
  A worm (D:2)
  2 dart slugs
  2 leopard geckos
  33 orcs
  3 ball pythons
  10 bats
  6 giant cockroaches
  9 goblins
  5 hobgoblins
  11 jackals
  5 kobolds
  6 quokkas
  4 frilled lizards
  6 rats
  A plant (Lair:2)
580 creatures vanquished.

Vanquished Creatures (collateral kills)
  Harold (D:11)
  A hydra (Lair:2)
  A spiny frog (Lair:6)
  A tyrant leech (Lair:6)
  2 blink frogs (Lair:6)
  A vampire mosquito (Lair:6)
  A porcupine (Lair:2)
  A gnoll sergeant (D:11)
  3 bullfrogs
12 creatures vanquished.

Vanquished Creatures (others)
  A jelly (D:11)
  16 fungi
  50 plants
67 creatures vanquished.

Grand Total: 659 creatures vanquished

Notes
Turn   | Place    | Note
-------+----------+-------------------------------------------
     0 | D:1      | kroki the Ghoul Gladiator began the quest for the Orb.
     0 | D:1      | Reached XP level 1. HP: 17/17 MP: 0/0
    71 | D:1      | HP: 4/17 [jackal (3)]
    77 | D:1      | Reached XP level 2. HP: 5/24 MP: 1/1
    80 | D:1      | HP: 4/24 [jackal (1)]
    81 | D:1      | Reached skill level 4 in Unarmed Combat
  1022 | D:1      | Reached XP level 3. HP: 29/29 MP: 2/2
  1251 | D:2      | Found a faded altar of an unknown god.
  1328 | D:2      | Noticed Sigmund
  1335 | D:2      | Noticed Terence
  1955 | D:2      | Reached skill level 5 in Unarmed Combat
  1959 | D:2      | HP: 3/22 [gnoll/spear (6)]
  1961 | D:2      | Reached XP level 4. HP: 4/29 MP: 3/3
  2408 | D:2      | Killed Terence
  2624 | D:2      | Found a runed door.
  2628 | D:2      | Noticed Crazy Yiuf
  2635 | D:2      | Killed Crazy Yiuf
  2635 | D:2      | Reached skill level 6 in Unarmed Combat
  2635 | D:2      | Reached XP level 5. HP: 25/40 MP: 4/4
  2992 | D:3      | Found a glowing golden altar of the Shining One.
  3202 | D:3      | Found a hazy altar of Hepliaklqana.
  3253 | D:3      | Noticed a phantom
  3310 | D:3      | Killed a phantom
  3310 | D:3      | Reached skill level 7 in Unarmed Combat
  3310 | D:3      | Reached XP level 6. HP: 45/48 MP: 5/5
  3907 | D:4      | Found a glowing silver altar of Zin.
  4139 | D:4      | Noticed Natasha
  4145 | D:4      | Killed Natasha
  4145 | D:4      | Reached skill level 8 in Unarmed Combat
  4299 | D:4      | Noticed Duvessa
  4323 | D:4      | Killed Duvessa
  4323 | D:4      | Reached XP level 7. HP: 44/55 MP: 6/6
  4393 | D:4      | Noticed Dowan
  4413 | D:4      | Killed Dowan
  4604 | D:4      | Noticed Eustachio
  4630 | D:4      | Killed Eustachio
  4630 | D:4      | Reached skill level 9 in Unarmed Combat
  4847 | D:4      | Noticed Shenda's ghost (amateur DsGl)
  4856 | D:4      | Killed Shenda's ghost
  4856 | D:4      | Reached skill level 1 in Armour
  4918 | D:5      | Entered Level 5 of the Dungeon
  5164 | D:5      | Reached XP level 8. HP: 54/60 MP: 7/7
  5173 | D:5      | Reached skill level 3 in Fighting
  5556 | D:5      | Reached skill level 2 in Armour
  5921 | D:6      | Noticed Pikel
  5951 | D:6      | Reached skill level 4 in Fighting
  5976 | D:6      | Reached skill level 10 in Unarmed Combat
  6031 | D:6      | Reached skill level 3 in Armour
  6048 | D:6      | HP: 8/66 [Pikel/wand of lightning (?/15) (17)]
  6054 | D:5      | HP: 5/66 [slave[Pikel] (3)]
  6297 | D:6      | Noticed Natasha
  6304 | D:6      | Killed Natasha
  6354 | D:6      | Noticed Natasha
  6364 | D:6      | Killed Natasha
  6409 | D:6      | Reached skill level 5 in Fighting
  6964 | D:5      | HP: 17/68 [Pikel/whip of freezing (6)]
  6967 | D:5      | Killed Pikel
  6967 | D:5      | Reached skill level 4 in Armour
  6967 | D:5      | Reached XP level 9. HP: 18/75 MP: 8/8
  7160 | D:6      | Reached skill level 6 in Fighting
  7405 | D:6      | Found a staircase to the Ecumenical Temple.
  7430 | Temple   | Entered the Ecumenical Temple
  7553 | Temple   | Became a worshipper of Makhleb the Destroyer
  7918 | D:7      | Reached skill level 11 in Unarmed Combat
  8033 | D:7      | Reached skill level 5 in Armour
  8277 | D:7      | Reached skill level 7 in Fighting
  8335 | D:7      | Noticed a green ugly thing
  8342 | D:7      | Killed a green ugly thing
  8342 | D:7      | Reached XP level 10. HP: 72/86 MP: 9/9
  8732 | D:8      | Reached skill level 6 in Armour
  8854 | D:8      | Reached * piety under Makhleb
  9170 | D:8      | Found a stormy altar of Qazlal.
  9386 | D:8      | Found a snail-covered altar of Cheibriados.
  9437 | D:8      | Reached skill level 8 in Fighting
  9671 | D:9      | Noticed Prince Ribbit
  9692 | D:9      | Killed Prince Ribbit
  9935 | D:9      | Noticed a two-headed ogre
  9942 | D:9      | Killed a two-headed ogre
  9942 | D:9      | Reached skill level 12 in Unarmed Combat
 10061 | D:9      | Noticed Erica
 10072 | D:9      | Killed Erica
 10072 | D:9      | Reached skill level 7 in Armour
 10076 | D:9      | Reached skill level 9 in Fighting
 10296 | D:9      | Found Juinloin's Armour Shoppe.
 10305 | D:9      | Bought a +1 helmet of see invisible for 214 gold pieces
 10640 | D:9      | Noticed Gastronok
 10804 | D:9      | Reached XP level 11. HP: 94/97 MP: 10/10
 11129 | D:9      | Killed Gastronok
 11129 | D:9      | Reached skill level 10 in Fighting
 11129 | D:9      | Reached skill level 8 in Armour
 11353 | D:10     | Entered Level 10 of the Dungeon
 11358 | D:10     | Noticed a two-headed ogre
 11377 | D:9      | Reached ** piety under Makhleb
 11404 | D:10     | Noticed a two-headed ogre
 11410 | D:10     | Killed a two-headed ogre
 11410 | D:10     | Reached skill level 13 in Unarmed Combat
 11434 | D:10     | Found a flagged portal.
 11446 | Bailey   | Entered a bailey
 11446 | Bailey   | Noticed an orc knight
 11498 | Bailey   | Reached skill level 1 in Evocations
 11772 | Bailey   | HP: 14/100 [orc warrior/halberd (13)]
 12111 | D:10     | Reached skill level 2 in Evocations
 12176 | D:10     | Killed a two-headed ogre
 12176 | D:10     | Reached skill level 3 in Evocations
 12459 | D:10     | Found a staircase to the Lair.
 12991 | Lair:1   | Entered Level 1 of the Lair of Beasts
 13118 | Lair:1   | Reached *** piety under Makhleb
 13177 | Lair:1   | Reached skill level 9 in Armour
 13177 | Lair:1   | Reached skill level 1 in Invocations
 13177 | Lair:1   | Reached XP level 12. HP: 100/108 MP: 13/13
 13227 | Lair:1   | Reached skill level 2 in Invocations
 13355 | Lair:1   | Reached skill level 3 in Invocations
 13427 | Lair:1   | Reached skill level 11 in Fighting
 13555 | Lair:1   | Reached skill level 4 in Invocations
 14266 | Lair:2   | Noticed an eight-headed hydra
 14286 | Lair:2   | HP: 26/110 [eight-headed hydra (4)]
 14288 | Lair:2   | HP: 11/110 [eight-headed hydra (8)]
 14289 | Lair:2   | Killed an eight-headed hydra
 15415 | Lair:3   | Reached skill level 14 in Unarmed Combat
 16186 | Lair:4   | Reached skill level 10 in Armour
 16219 | Lair:4   | Reached skill level 12 in Fighting
 16294 | Lair:4   | Reached **** piety under Makhleb
 16304 | Lair:4   | Reached XP level 13. HP: 116/118 MP: 11/15
 16805 | Lair:4   | Found a staircase to the Shoals.
 16849 | Lair:4   | You fall through a shaft for 2 floors!
 16849 | Lair:6   | Entered Level 6 of the Lair of Beasts
 16911 | Lair:6   | Noticed Josephine
 16933 | Lair:6   | Killed Josephine
 17073 | Lair:6   | Noticed dvd's ghost (journeyman TrHu)
 17123 | Lair:6   | Killed dvd's ghost
 17123 | Lair:6   | Reached skill level 15 in Unarmed Combat
 17201 | Lair:6   | Reached skill level 11 in Armour
 17232 | Lair:6   | Reached skill level 13 in Fighting
 17708 | Lair:4   | Found a hole to the Spider Nest.
 18867 | Lair:5   | Found a viscous altar of Jiyva.
 18867 | Lair:5   | Found a staircase to the Slime Pits.
 19073 | Lair:6   | Reached XP level 14. HP: 129/129 MP: 16/16
 19316 | Lair:6   | HP: 32/130 [spiny frog (11)]
 19657 | Lair:6   | Reached skill level 14 in Fighting
 20247 | Lair:6   | Reached skill level 12 in Armour
 20247 | Lair:6   | Reached skill level 16 in Unarmed Combat
 20264 | Lair:6   | Reached ***** piety under Makhleb
 20586 | Lair:6   | Got an encrusted scale mail
 20588 | Lair:6   | Identified the +0 scale mail of the Hall of Blades {rPois rF+ MR+} (You found it on level 6 of the Lair of Beasts)
 21520 | D:11     | Found a staircase to the Orcish Mines.
 23207 | D:11     | Identified a scroll of acquirement
 23336 | D:11     | Found an opulent altar of Gozag.
 23796 | D:11     | Noticed Harold
 23813 | D:11     | Killed Harold
 23967 | D:11     | Got a shimmering turquoise ring
 24138 | D:11     | Got a twisted spear {drain}
 24670 | D:11     | Identified the ring "Gufuibli" {rC+ Stlth-} (You found it on level 11 of the Dungeon)
 24820 | D:11     | Reached XP level 15. HP: 138/138 MP: 15/17
 25432 | D:12     | Found Moemuon's Changing Room.
 25453 | D:12     | Reached skill level 15 in Fighting
 25453 | D:12     | Reached skill level 1 in Shields
 25885 | D:12     | Reached skill level 2 in Shields
 26727 | D:13     | Reached skill level 3 in Shields
 27309 | D:13     | Reached skill level 13 in Armour
 27389 | D:13     | Got a bloodstained robe
 27857 | D:14     | HP: 33/141 [two-headed ogre/giant club (12)]
 27862 | D:14     | HP: 7/141 [necromancer/bolt of fire (16)]
 27868 | D:14     | HP: 25/141 [troll (6)]
 27873 | D:14     | Killed from afar by a necromancer

Vault maps used:
D:1:      scummos_arrival_forest, minivault_23
D:2:      chequers_ecumenical_altar_lobes, uniq_crazy_yiuf_cottage,
          uniq_sigmund, uniq_terence
D:3:      tso_metal_star, nicolae_overflow_crystal_walls, first_bread
D:4:      zin_academy, hangedman_decor_lopped, uniq_duvessa, uniq_eustachio,
          uniq_natasha
D:6:      minmay_temple_entry_glassed_door, uniq_pikel
D:8:      grunt_qazlal_sundering, basic_altar, blue_anna_alchemist
D:9:      serial_shops, shop_statue, uniq_prince_ribbit1, uniq_gastronok,
          uniq_erica
D:10:     minmay_lair_entry_grove, serial_glass, glass_columns_a,
          glass_columns_a, enter_bailey_3
D:11:     kennysheep_town, uniq_harold
D:12:     nicolae_transmutations_shop
D:14:     david_vaults_1, lab_entry_generic, hangedman_abyss_or_decor_stagger,
          grunt_ministairs_4
Temple:   eino_narrow_crystal_temple
Lair:1:   minmay_hedge_maze
Lair:2:   nicolae_quartered_pool_super, minmay_lair_oklob_chamber
Lair:3:   small_statue_intersection, grunt_megastairs_4
Lair:4:   minmay_shoals_entry_beasts, nicolae_spider_entry_orb_guardian,
          beast_lair_carwin_6, uniq_josephine
Lair:5:   slime_altar_1, forest_entry_grove
Lair:6:   minmay_lair_end_frog_pond, st_stairs_12
Bailey:   bailey_polearm_4, bailey

Skill      XL: |  1  2  3  4  5  6  7  8  9 10 11 12 13 14 15 |
---------------+----------------------------------------------+-----
Unarmed Combat | 4 5 6 7 8 9 10 11 12 13 14 15 16 | 16.9
Armour         | 1 4 5 7 9 10 11 12 13 | 13.0
Fighting       | 5 7 9 10 12 13 14 15 | 15.2
Evocations     | 3 |  3.7
Invocations    | 1 4 |  4.1
Shields        | 3 |  3.8
Throwing       | |  1.7
Dodging        | |  2.6

Action                   |  1- 3 |  4- 6 |  7- 9 | 10-12 | 13-15 || total
-------------------------+-------+-------+-------+-------+-------++-------
Melee: Unarmed           |    94 |   149 |   299 |   710 |  1188 ||  2440
       Punch             |     4 |     1 |    13 |    34 |    51 ||   103
Invok: Minor Destruction |       |       |       |     7 |    95 ||   102
       Lesser Servant of |       |       |       |     2 |    17 ||    19
Evoke: Wand              |       |       |       |    33 |     6 ||    39
       Phial of floods   |       |       |       |       |     1 ||     1
  Use: Scroll            |       |       |     6 |    14 |    19 ||    39
       Potion            |       |       |       |     1 |     4 ||     5
 Stab: Distracted        |       |       |       |       |     1 ||     1
  Eat: Chunk             |     5 |    12 |    20 |    27 |    64 ||   128
Armor: Leather armour    |    25 |       |       |       |       ||    25
       Chain mail        |    16 |   109 |   151 |    22 |       ||   298
       Plate armour      |       |       |       |   434 |   754 ||  1188
Dodge: Dodged            |    59 |    61 |   117 |   250 |   441 ||   928
Block: Shield            |       |       |       |       |     7 ||     7
       Buckler           |       |       |       |       |    36 ||    36

Vault maps used:
D:1:      scummos_arrival_forest, minivault_23
D:2:      chequers_ecumenical_altar_lobes, uniq_crazy_yiuf_cottage,
          uniq_sigmund, uniq_terence
D:3:      tso_metal_star, nicolae_overflow_crystal_walls, first_bread
D:4:      zin_academy, hangedman_decor_lopped, uniq_duvessa, uniq_eustachio,
          uniq_natasha
D:6:      minmay_temple_entry_glassed_door, uniq_pikel
D:8:      grunt_qazlal_sundering, basic_altar, blue_anna_alchemist
D:9:      serial_shops, shop_statue, uniq_prince_ribbit1, uniq_gastronok,
          uniq_erica
D:10:     minmay_lair_entry_grove, serial_glass, glass_columns_a,
          glass_columns_a, enter_bailey_3
D:11:     kennysheep_town, uniq_harold
D:12:     nicolae_transmutations_shop
D:14:     david_vaults_1, lab_entry_generic, hangedman_abyss_or_decor_stagger,
          grunt_ministairs_4
Temple:   eino_narrow_crystal_temple
Lair:1:   minmay_hedge_maze
Lair:2:   nicolae_quartered_pool_super, minmay_lair_oklob_chamber
Lair:3:   small_statue_intersection, grunt_megastairs_4
Lair:4:   minmay_shoals_entry_beasts, nicolae_spider_entry_orb_guardian,
          beast_lair_carwin_6, uniq_josephine
Lair:5:   slime_altar_1, forest_entry_grove
Lair:6:   minmay_lair_end_frog_pond, st_stairs_12
Bailey:   bailey_polearm_4, bailey

Table legend:
 A = Turns spent in this place as a percentage of turns spent in the entire game.
 B = Non-inter-level travel turns spent in this place as a percentage of non-inter-level travel turns spent in the entire game.
 C = Inter-level travel turns spent in this place as a percentage of turns spent in this place.
 D = Turns resting spent in this place as a percentage of non-inter-level travel turns spent in this place.
 E = Turns spent auto-exploring this place as a percentage of non-inter-level travel turns spent in this place.
 F = Non-inter-level travel turns spent in this place divided by the number of levels of this place that you've seen.
                   A       B       C       D       E      F
               +-------+-------+-------+-------+-------+----------------------
         Total | 100.0 | 100.0 |   0.4 |   0.4 |   7.9 | 509.3
       Dungeon |  63.3 |  63.2 |   0.4 |   0.3 |   8.4 | 506.2
        Temple |   0.2 |   0.2 |  14.3 |   0.0 |  38.9 |  18.0
          Lair |  35.7 |  35.7 |   0.2 |   0.3 |   7.1 | 666.8
        Bailey |   0.9 |   0.9 |   0.0 |   6.1 |   0.0 |  99.0
               +-------+-------+-------+-------+-------+----------------------

Table legend:
 A = Kills in this place as a percentage of kills in entire the game.
 B = Kills by you in this place as a percentage of kills by you in the entire game.
 C = Kills by friends in this place as a percentage of kills by friends in the entire game.
 D = Other kills in this place as a percentage of other kills in the entire game.
 E = Experience gained in this place as a percentage of experience gained in the entire game.
 F = Experience gained in this place divided by the number of levels of this place that you have seen.
                   A       B       C       D       E      F
               +-------+-------+-------+-------+-------+----------------------
         Total | 100.0 | 100.0 | 100.0 | 100.0 | 100.0 | 4668.8
       Dungeon |  62.9 |  63.8 |  16.7 | 100.0 |  46.5 | 3410.4
          Lair |  36.4 |  35.5 |  83.3 |   0.0 |  53.2 | 9114.5
        Bailey |   0.7 |   0.7 |   0.0 |   0.0 |   0.3 | 281.0
               +-------+-------+-------+-------+-------+----------------------
